 Dungeon Crawl Stone Soup version 0.20.0 (webtiles) character file.

810880 Llamajah the Invulnerable (level 27, -7/218 HPs)
             Began as a Minotaur Fighter on July 20, 2017.
             Was the Champion of Okawaru.
             Killed from afar by a hellion (21 damage)
             ... with damnation
             ... on level 3 of the Abyss on July 21, 2017.
             The game lasted 05:45:23 (77342 turns).

Llamajah the Invulnerable (Minotaur Fighter)       Turns: 77342, Time: 05:45:24

Health: -7/218     AC: 50    Str: 37    XL:     27
Magic:  16/16      EV: 32    Int: 10    God:    Okawaru [******]
Gold:   6555       SH: 38    Dex: 28    Spells: 46/46 levels left

rFire    + . .     SeeInvis .   t - +8 mithril axe "Arga" {speed, MR+}
rCold    + . .     Gourm    .   B - +5 large shield "Ekkocer" {MR++ Str+2 Dex+4}
rNeg     + + +     Faith    .   W - +11 gold dragon scales
rPois    +         Spirit   .   d - +1 hat
rElec    +         Reflect  +   o - +2 cloak of Feasting {rN+}
rCorr    .         Harm     .   z - +1 pair of gloves "Kaophy Xofeh" {Dex+4}
MR       +++++                  O - +2 pair of boots {run}
Stlth    ..........             P - +3 amulet of reflection
Regen    0.0/turn               X - ring of Tuwkunt {rElec rN+++ MR+ MP-9 Str+4}
MPRegen  0.2/turn               j - ring of the Crushed Eyes {MR+ Str+4 Int+4 Dex+4}

@: about to teleport, non-regenerating, diseased, studying Long Blades, quick
A: retaliatory headbutt, horns 2, [frail 2], low mp 1[+2], mutation resistance 1
}: 5/15 runes: decaying, serpentine, slimy, silver, bone
a: Heroism, Finesse, Renounce Religion


You were on level 3 of the Abyss.
You worshipped Okawaru.
Okawaru was exalted by your worship.
You were not hungry.

You visited 13 branches of the dungeon, and saw 65 of its levels.
You visited the Abyss 1 time.
You also visited: Trove, Bailey, Volcano and Wizlab.

You collected 13521 gold pieces.
You spent 6966 gold pieces at shops.

Inventory:

Hand Weapons
 l - the +8 broad axe of Understanding {holy, rC+ Str+2}
   (Okawaru gifted it to you on level 1 of the Lair of Beasts)

   It has been blessed by the Shining One to cause great damage to the undead
   and demons.
   It affects your strength (+2).
   It protects you from cold.
 s - the +5 war axe "Mud Pie of Death" {flame, rPois MR++}
   (You took it off a centaur warrior on level 12 of the Dungeon)

   It has been specially enchanted to burn those struck by it, causing extra
   injury to most foes and up to half again as much damage against particularly
   susceptible opponents.
   Big, fiery blades are also staple armaments of hydra-hunters.
   It protects you from poison.
   It affects your resistance to hostile enchantments.
 t - the +8 mithril axe "Arga" (weapon) {speed, MR+}
   (You found it in a treasure trove)

   Attacks with this weapon are significantly faster.
   It affects your resistance to hostile enchantments.
 U - a +9 fustibalus of velocity
Missiles
 C - 677 sling bullets
Armour
 d - a +1 hat (worn)
 o - the +2 cloak of Feasting (worn) {rN+}
   (Okawaru gifted it to you on level 2 of the Orcish Mines)

   It protects you from negative energy.
 p - a +0 hat of intelligence
 z - the +1 pair of gloves "Kaophy Xofeh" (worn) {Dex+4}
   (Okawaru gifted it to you on level 2 of the Depths)

   It affects your dexterity (+4).
 A - a scarf of cloud immunity
 B - the +5 large shield "Ekkocer" (worn) {MR++ Str+2 Dex+4}
   (Okawaru gifted it to you on level 4 of the Vaults)

   It affects your strength (+2).
   It affects your dexterity (+4).
   It affects your resistance to hostile enchantments.
 N - a +2 pair of boots of flying
 O - a +2 pair of boots of running (worn)
 W - +11 gold dragon scales (worn)
 Y - the cursed +0 pair of boots "Buquoler" {Str+7, unknown}
   (You found it on level 3 of the Abyss)

   It affects your strength (+7).
   It has a curse placed upon it.
Jewellery
 e - the ring of Robustness {AC+8}
   (You bought it in a shop on level 2 of the Vaults)

   [ring of protection]

   It affects your AC (+8).
 j - the ring of the Crushed Eyes (right hand) {MR+ Str+4 Int+4 Dex+4}
   (You found it on level 1 of the Realm of Zot)

   [ring of protection from magic]

   It affects your strength (+4).
   It affects your intelligence (+4).
   It affects your dexterity (+4).
   It affects your resistance to hostile enchantments.
 D - an uncursed ring of protection from fire
 H - an uncursed ring of protection from magic
 M - an uncursed ring of resist corrosion
 P - a +3 amulet of reflection (around neck)
 V - the amulet "Bybeikuodgh" {Gourm Int-3 Dex+5}
   (You acquired it on level 3 of the Abyss)

   [amulet of the gourmand]

   It allows you to eat raw meat even when not hungry.
   It affects your intelligence (-3).
   It affects your dexterity (+5).
 X - the ring of Tuwkunt (left hand) {rElec rN+++ MR+ MP-9 Str+4}
   (You found it on level 4 of the Dungeon)

   [ring of protection from magic]

   It affects your strength (+4).
   It insulates you from electricity.
   It renders you almost immune to negative energy.
   It affects your resistance to hostile enchantments.
   It affects your magic capacity (-9).
Wands
 I - a wand of digging (22/24)
 K - a wand of random effects (20/48)
 Q - a wand of confusion (31/48)
Scrolls
 a - a scroll of amnesia
 b - 11 scrolls of magic mapping
 m - 12 scrolls of identify
 u - 3 scrolls of blinking
 w - 21 scrolls of teleportation
 x - 3 scrolls of silence
 y - 23 scrolls of remove curse
 E - 5 scrolls of fog
 G - 9 scrolls of fear
 J - 2 scrolls of recharging
 R - a scroll of holy word
Potions
 h - 4 potions of agility
 i - 14 potions of mutation
 k - 12 potions of curing
 n - 12 potions of brilliance
 q - 4 potions of invisibility
 r - 3 potions of berserk rage
 L - 3 potions of might
 S - 8 potions of cancellation
Books
 v - a manual of Long Blades
 F - a book of Air

   Spells                             Type                      Level
   a - Shock                          Conjuration/Air              1
   b - Swiftness                      Charms/Air                   2
   c - Static Discharge               Conjuration/Air              3
   d - Airstrike                      Air                          4
   e - Lightning Bolt                 Conjuration/Air              5
Miscellaneous
 g - the horn of Geryon
Comestibles
 c - 25 meat rations
 f - 35 bread rations
 T - 11 fruits


   Skills:
 O Level 27 Fighting
 + Level 22.9 Axes
 - Level 14.4 Slings
 O Level 27 Armour
 O Level 27 Dodging
 O Level 27 Shields
 + Level 10.1 Spellcasting
 - Level 6.2 Invocations


You had 46 spell levels left.
You didn't know any spells.

Dungeon Overview and Level Annotations

Branches:
Dungeon (15/15)            Temple (0/1) D:7            Lair (6/6) D:8
  Swamp (4/4) Lair:3        Snake (4/4) Lair:3        Slime (5/5) Lair:5
    Orc (2/2) D:12            Elf (3/3) Orc:2        Vaults (5/5) D:14
  Crypt (3/3) Vaults:3       Tomb (0/3) Crypt:3      Depths (5/5) D:15
   Hell (1/1)                 Dis (0/7) Hell            Geh (0/7) Hell
    Coc (0/7) Hell            Tar (7/7) Hell            Zot (5/5) Depths:5

Altars:
Ashenzari
Dithmenos
Fedhas
Kikubaaqudgha
Makhleb
Nemelex Xobeh
Okawaru
Ru
Sif Muna
Trog
Xom
Yredelemnul
Zin
Jiyva

Shops:
D:10 :   D:12 [?%   D:14 (   Orc:2 %([*   Elf:2 [   Elf:3 (?}=*?   Snake:2 (
Snake:4 *   Vaults:2 =   Vaults:3 :   Depths:1 *

Portals:
Hell: Depths:1 Depths:2 Depths:3 Depths:4 Depths:5
Abyss: Depths:2 Depths:4 Depths:5
Pandemonium: Depths:3
Ziggurat: Depths:3


Innate Abilities, Weirdness & Mutations

You reflexively headbutt those who attack you in melee.
You have a pair of horns on your head.
You are somewhat resistant to further mutation.
[You are very frail. (-20% HP)]
[Your magical capacity is extremely low. (-30% MP)]


Message History

You feel ill.
A starcursed mass splits.
A raiju comes into view.
The raiju barks!
The neqoxec gestures.
A hellion comes into view.
The hellion gives a hideous shriek!
The neqoxec gestures at you.
Strange energies course through your body.
You feel odd for a moment. The hellion gestures at you.
The sphere of damnation explodes!
The damnation engulfs you!
* * * LOW HITPOINT WARNING * * *
You hear a roar!
A starcursed mass splits.
A starcursed mass splits.
You block the hellion's attack. The hellion gestures at you.
The sphere of damnation explodes!
The damnation engulfs you!
You die...

.# ..#.#. .#
..#...# .. #
..#...#. #..
#...#.# ...#
#..#. ....
###..##..#. ##
##...@.#.#
#.####......# #
.#ยง..2##.#..#
#.
#.#..##..##.#..#
#..#..###.5##..
.#
.......#.#...#.
.
...#...###.#..#
...
#....#...#...
.X. #......#..#
.


You could see a hellion.

Vanquished Creatures
  the Royal Jelly (Slime:5)
  Ereshkigal (Tar:7)
  the Serpent of Hell (Tar:7)
  6 orbs of fire (Zot:5)
  Mara (Swamp:4)
  Mennas (Vaults:5)
  10 ancient liches
  Bai Suzhen (Crypt:3)
  4 curse toes
  4 caustic shrikes (Depths:2)
  2 Killer Klowns (Zot:5)
  Geryon (Hell)
  18 golden dragons
  Jory (Vaults:2)
  2 bone dragons
  12 Tzitzimimeh
  3 doom hounds
  5 electric golems
  20 tentacled monstrosities
  16 liches
  25 Orb Guardians (Zot:5)
  6 titans
  3 deep elf blademasters
  6 tentacled starspawn (Abyss:3)
  15 acid blobs
  9 quicksilver dragons
  3 ancient champions
  2 sphinxes
  An Executioner (Abyss:3)
  Agnes (Elf:1)
  9 death cobs
  A thorn hunter (Swamp:1)
  11 draconian monks
  Donald (Crypt:1)
  15 storm dragons
  8 tengu reavers
  9 nagarajas
  14 shadow dragons
  12 frost giants
  9 azure jellies (Slime:5)
  2 revenants
  2 ghost moths (Zot:5)
  6 deep elf sorcerers
  13 vault wardens
  12 fire giants
  2 draconian knights (Zot:1)
  A draconian scorcher (Zot:1)
  An angel (Abyss:3)
  6 draconian shifters
  5 deep elf elementalists
  14 reapers
  6 draconian annihilators
  6 draconian stormcallers
  10 ironheart preservers
  5 curse skulls
  10 stone giants
  7 war gargoyles
  32 very ugly things
  An entropy weaver (shapeshifter) (Depths:5)
  An entropy weaver (Vaults:5)
  12 green draconians
  A lorocyproca (Depths:3)
  The ghost of ChungusAmongUs the Protected, a journeyman MiBe of Trog (D:14)
  9 deep elf demonologists
  18 vampire knights
  5 red draconians
  6 yellow draconians
  16 black draconians
  A dire elephant (shapeshifter) (Depths:3)
  8 white draconians
  7 deep elf annihilators
  2 eidola
  The ghost of ChungusAmongUs the Protected, a journeyman MiBe of Trog (D:13)
  10 purple draconians
  21 spark wasps
  5 deep elf death magi
  2 quicksilver dragon zombies
  10 death oozes (Slime:5)
  Snorg (D:11)
  16 ettins
  5 blizzard demons
  9 great orbs of eyes
  6 jiangshi
  Josephine (D:14)
  14 ogre magi
  Fannar (Lair:3)
  23 yaktaur captains
  11 fire dragons
  3 deep elf high priests
  22 hydras
  12 rakshasas
  34 vault guards
  2 quicksilver dragon skeletons
  11 ice dragons
  4 ghost crabs
  15 naga warriors
  3 spriggan air magi
  8 centaur warriors
  11 anacondas
  3 death knights
  10 deep troll shamans
  5 alligators
  31 dancing weapons
  51 two-headed ogres
  3 catoblepae (Lair:6)
  12 death yaks (Lair:6)
  8 tengu warriors
  13 naga sharpshooters
  10 thrashing horrors
  8 deep troll earth magi
  8 vampire magi
  3 hell hogs (Hell)
  2 titan zombies
  7 shock serpents
  An iron golem (Hell)
  13 deep elf knights
  A sun demon (Hell)
  2 titan skeletons
  A storm dragon zombie (Crypt:1)
  Nergalle (Lair:2)
  Sonja (D:10)
  10 wretched stars
  51 hell knights
  A spatial maelstrom (Abyss:3)
  11 soul eaters
  80 skeletal warriors
  2 salamander mystics
  5 shadow wraiths
  2 ghost moth zombies
  5 iron trolls
  2 storm dragon skeletons
  4 sixfirhies (Abyss:3)
  2 death drakes
  19 deep trolls
  9 sea snakes
  7 glowing orange brains
  An unseen horror (shapeshifter) (Depths:2)
  4 anaconda zombies
  2 spriggan druids (Swamp:4)
  5 wizards
  The ghost of centipede the Covert, a novice SpAs of Dithmenos (D:8)
  4 shambling mangroves
  3 unseen horrors
  8 harpies
  A gelid demonspawn (Depths:3)
  12 swamp dragons
  7 deep elf archers
  10 flayed ghosts
  An obsidian statue (Volcano)
  A deep troll (shapeshifter) (Depths:2)
  11 ironbrand convokers
  4 shadow demons
  A wolf spider (shapeshifter) (Vaults:5)
  20 phantasmal warriors
  A lindwurm (Lair:6)
  A harpy (shapeshifter) (Abyss:3)
  7 mana vipers
  9 orc knights
  5 naga ritualists
  2 wolf spiders
  An orb spider (shapeshifter) (Depths:1)
  A cyclops (shapeshifter) (Vaults:5)
  A wolf spider zombie (Tar:7)
  A frost giant zombie (Crypt:2)
  A stone giant zombie (Tar:4)
  4 orc sorcerers
  A fire giant zombie (Tar:3)
  A shining eye (shapeshifter) (Vaults:5)
  16 necromancers
  2 salamanders (shapeshifter)
  62 deep elf magi
  An iron dragon zombie (Crypt:1)
  4 oklob plants
  6 cyclopes
  A manticore (shapeshifter) (Depths:3)
  5 salamanders
  7 elephants
  A shadow dragon skeleton (Tar:7)
  3 worldbinders
  3 manticores
  4 shining eyes
  42 ugly things
  26 moths of wrath
  4 stone giant skeletons
  27 black mambas
  2 dire elephant zombies
  2 frost giant skeletons
  2 iron dragon skeletons
  2 ice statues (Hell)
  6 guardian serpents
  10 smoke demons
  2 eyes of devastation
  2 black mambas (shapeshifter)
  12 vault sentinels
  3 fire giant skeletons
  A shock serpent zombie (Crypt:2)
  12 naga magi
  3 rust devils (Hell)
  A water nymph (shapeshifter) (Depths:2)
  7 gargoyles
  4 orange demons (Abyss:3)
  16 spiny frogs
  21 large abominations
  5 kobold demonologists
  6 hellions
  56 yaktaurs
  2 efreet
  2 elves (Vaults:3)
  A white draconian skeleton (Crypt:2)
  8 komodo dragons
  A yaktaur (shapeshifter) (Depths:3)
  A tormentor (Abyss:3)
  A rime drake (Lair:5)
  A catoblepas skeleton (Abyss:2)
  2 ice devils
  A redback zombie (Crypt:2)
  5 hydra zombies
  14 freezing wraiths
  A tengu conjurer (Depths:2)
  A harpy zombie (D:15)
  3 meliai (D:13)
  18 trolls
  A queen bee (shapeshifter) (Depths:1)
  The ghost of Zerd the Magician, a novice DECj of Ashenzari (D:5)
  7 red devils
  A golden dragon simulacrum (Abyss:3)
  A troll (shapeshifter) (Vaults:5)
  A red draconian skeleton (Crypt:2)
  A polar bear (Lair:2)
  9 ancient zymes
  3 silent spectres (Tar:7)
  An iron troll skeleton (Crypt:2)
  2 meliai (shapeshifter)
  A tyrant leech (Swamp:4)
  A minotaur skeleton (Crypt:1)
  A hornet (shapeshifter) (Vaults:1)
  3 ettin zombies
  20 blink frogs
  A dream sheep (shapeshifter) (Vaults:5)
  2 hydra skeletons (Hell)
  12 hornets
  12 raiju
  8 bog bodies
  An ice dragon zombie (Hell)
  4 fire dragon zombies
  2 dream sheep (D:10)
  A frost giant simulacrum (Crypt:1)
  111 slime creatures
  7 hippogriffs
  Sigmund (D:3)
  24 flying skulls
  An ice dragon skeleton (Abyss:3)
  3 redbacks (Vaults:5)
  10 water elementals
  An ettin skeleton (Abyss:3)
  2 spriggans
  12 vampires
  The ghost of enozym the Cudgeler, an amateur TrBe of Trog (D:3)
  10 air elementals
  3 fire dragon skeletons
  A spriggan (shapeshifter) (Abyss:3)
  14 wraiths
  2 yaks (shapeshifter)
  18 shadows
  A dire elephant simulacrum (Crypt:2)
  71 yaks
  A black mamba skeleton (Crypt:3)
  A satyr skeleton (Crypt:1)
  8 ynoxinuls
  4 basilisks
  8 fire elementals
  A golden eye (shapeshifter) (Vaults:4)
  3 wyverns
  11 chaos spawn
  A human (Vaults:3)
  12 fire bats
  8 golden eyes
  7 neqoxecs
  A steam dragon (Lair:6)
  7 hungry ghosts
  3 yaktaur simulacra (Vaults:1)
  10 vampire mosquitoes
  4 wargs
  23 swamp worms
  A warg (shapeshifter) (Vaults:5)
  An emperor scorpion simulacrum (Hell)
  A swamp worm (shapeshifter) (Depths:3)
  35 insubstantial wisps
  A naga (shapeshifter) (Vaults:1)
  Menkaure (D:4)
  A hydra simulacrum (Hell)
  60 nagas
  A water moccasin (shapeshifter) (Vaults:1)
  17 spatial vortices (Abyss:3)
  2 spiny frog zombies
  2 acid dragons
  3 two-headed ogre zombies (WizLab)
  A floating eye (Depths:2)
  11 water moccasins
  13 porcupines
  6 hell hounds
  21 small abominations
  11 swamp drakes
  3 ice beasts
  21 orc warriors
  58 starcursed masses
  6 sky beasts
  5 black bears
  6 eyes of draining
  An ettin simulacrum (Vaults:3)
  A spiny frog skeleton (Tar:7)
  A swamp dragon zombie (Tar:7)
  12 necrophages
  5 phantoms
  13 boggarts
  51 ogres
  28 wolves
  21 centaurs
  2 snapping turtle skeletons
  14 crocodiles
  9 big kobolds
  21 bullfrogs
  An elf skeleton (Tar:7)
  A yaktaur skeleton (Crypt:2)
  2 wyvern skeletons
  6 scorpions
  5 troll zombies (WizLab)
  13 killer bees
  25 wights
  4 electric eels (Lair:3)
  5 howler monkeys
  6 lava snakes (Volcano)
  2 bullfrog zombies (D:12)
  3 centaur zombies
  16 crimson imps
  2 human zombies (Tar:7)
  3 jellies
  A quasit (Abyss:3)
  3 gnoll shamans
  6 hounds
  3 human skeletons
  19 orc priests
  6 centaur skeletons
  20 orc wizards
  7 iron imps
  A bullfrog skeleton (D:12)
  7 iguanas
  14 worker ants
  6 ogre zombies (WizLab)
  A hound skeleton (D:6)
  A howler monkey zombie (D:6)
  A worker ant zombie (D:11)
  29 gnolls
  2 howler monkey skeletons (Crypt:2)
  20 adders
  11 shadow imps
  8 white imps
  An ufetubus (Abyss:2)
  4 adder zombies
  4 adder skeletons
  An iguana skeleton (Crypt:1)
  5 worms
  4 dart slugs
  3 leopard geckos
  72 orcs
  4 ball pythons
  11 bats
  7 giant cockroaches
  16 hobgoblins
  7 jackals
  8 quokkas
  A ball python skeleton (Crypt:1)
  8 frilled lizards
  12 goblins
  3 jackal skeletons (D:5)
  35 kobolds
  3 leopard gecko skeletons
  A leopard gecko zombie (Crypt:1)
  10 rats
  A rat skeleton (Crypt:2)
  4 fungi
  7 plants
  4 starspawn tentacles (Abyss:3)
  A withered plant (Crypt:3)
3213 creatures vanquished.

Vanquished Creatures (others)
  2 deep elf master archers (Elf:3)
  3 stone giants
  A yellow draconian (Zot:5)
  A merfolk javelineer (Depths:3)
  3 yaktaur captains
  A naga warrior (Snake:4)
  2 centaur warriors
  A hell beast (Hell)
  2 naga sharpshooters (Snake:4)
  A deep elf knight (Elf:2)
  2 deep elf archers
  A necromancer (Depths:5)
  A deep elf mage (Elf:1)
  A mana viper (Snake:4)
  16 yaktaurs
  2 hornets (Swamp:4)
  A wraith (D:14)
  A naga (Snake:4)
  An acid dragon (Lair:6)
  A centaur (Depths:1)
  An adder (Swamp:4)
  13 fungi
  3 lurking horrors
  9 plants
  8 starspawn tentacles (Abyss:3)
  11 withered plants (Crypt:3)
89 creatures vanquished.

Grand Total: 3302 creatures vanquished

Notes
Turn   | Place    | Note
-------+----------+-------------------------------------------
     0 | D:1      | Llamajah the Minotaur Fighter began the quest for the Orb.
     0 | D:1      | Reached XP level 1. HP: 19/19 MP: 0/0
    99 | D:1      | Reached XP level 2. HP: 20/27 MP: 1/1
   693 | D:2      | Reached skill level 1 in Dodging
   693 | D:2      | Reached XP level 3. HP: 33/33 MP: 2/2
   904 | D:2      | Found a bloodstained altar of Trog.
   904 | D:2      | Noticed a moth of wrath
   943 | D:2      | Reached XP level 4. HP: 39/40 MP: 3/3
  1719 | D:3      | Noticed enozym's ghost (amateur TrBe)
  1784 | D:3      | Killed enozym's ghost
  1784 | D:3      | Reached skill level 5 in Armour
  1784 | D:3      | Reached skill level 5 in Shields
  1784 | D:3      | Reached XP level 5. HP: 32/47 MP: 4/4
  1784 | D:3      | Reached XP level 6. HP: 36/53 MP: 5/5
  1891 | D:3      | Noticed Sigmund
  1911 | D:3      | Killed Sigmund
  2163 | D:3      | Reached XP level 7. HP: 43/60 MP: 6/6
  2611 | D:3      | Reached skill level 5 in Fighting
  2660 | D:4      | Noticed a hungry ghost
  2663 | D:4      | Found a basalt altar of Yredelemnul.
  2689 | D:4      | Found an ancient bone altar of Kikubaaqudgha.
  2693 | D:4      | Noticed Menkaure
  3217 | D:4      | Reached XP level 8. HP: 41/69 MP: 7/7
  3639 | D:4      | Reached skill level 5 in Dodging
  3803 | D:5      | Entered Level 5 of the Dungeon
  3893 | D:5      | Noticed Zerd's ghost (novice DECj)
  4083 | D:5      | Killed Zerd's ghost
  4316 | D:5      | Found a shattered altar of Ashenzari.
  4317 | D:5      | Found an iron altar of Okawaru.
  4322 | D:5      | Became a worshipper of Warmaster Okawaru
  4428 | D:5      | Reached skill level 5 in Axes
  4604 | D:5      | Found a shattered altar of Ashenzari.
  4673 | D:5      | Found a sparkling altar of Nemelex Xobeh.
  4707 | D:5      | Reached * piety under Okawaru
  4707 | D:5      | Reached XP level 9. HP: 77/78 MP: 8/8
  4783 | D:5      | Found a deep blue altar of Sif Muna.
  5321 | D:6      | Found a blossoming altar of Fedhas.
  5697 | D:7      | Found a staircase to the Ecumenical Temple.
  5947 | D:7      | Reached ** piety under Okawaru
  6227 | D:7      | Found a shadowy altar of Dithmenos.
  6228 | D:7      | Found a bloodstained altar of Trog.
  6567 | D:8      | Reached XP level 10. HP: 58/86 MP: 9/9
  6579 | D:8      | Reached *** piety under Okawaru
  6597 | D:8      | Found a staircase to the Lair.
  6700 | D:8      | Found a flagged portal.
  6705 | Bailey   | Entered a bailey
  7021 | Bailey   | Noticed an orc knight
  7037 | Bailey   | Killed an orc knight
  7037 | Bailey   | Reached skill level 10 in Armour
  7037 | Bailey   | Reached skill level 10 in Shields
  7492 | D:8      | Reached **** piety under Okawaru
  7682 | D:8      | Found a glowing silver altar of Zin.
  7697 | D:8      | Noticed centipede's ghost (novice SpAs)
  7787 | D:8      | Killed centipede's ghost
  8463 | D:9      | Reached ***** piety under Okawaru
  8463 | D:9      | Reached XP level 11. HP: 93/93 MP: 10/10
  8503 | D:9      | Found a shimmering altar of Xom.
  8503 | D:9      | Found a burning altar of Makhleb.
  8898 | D:9      | Received a gift from Okawaru
  9210 | D:10     | Entered Level 10 of the Dungeon
  9469 | D:10     | Reached skill level 10 in Dodging
  9723 | D:10     | Noticed Sonja
  9897 | D:10     | Found Baomauna's Book Boutique.
  9999 | D:10     | Killed Sonja
 10513 | D:10     | Reached skill level 1 in Invocations
 10515 | D:10     | Noticed a three-headed hydra
 10525 | D:10     | Killed a four-headed hydra
 10829 | D:4      | Killed Menkaure
 10842 | D:4      | Got a transparent hand axe
 10848 | D:4      | Got a translucent ivory ring
 10952 | D:4      | Identified the +5 hand axe "Voekhar" {flame, Dex+4} (You found it on level 4 of the Dungeon)
 10960 | D:4      | Identified the ring of Tuwkunt {rElec rN+++ MR+ MP-9 Str+4} (You found it on level 4 of the Dungeon)
 11044 | Lair:1   | Entered Level 1 of the Lair of Beasts
 11173 | Lair:1   | Identified a scroll of acquirement
 11213 | Lair:1   | Reached XP level 12. HP: 83/104 MP: 3/12
 11215 | Lair:1   | Received a gift from Okawaru
 11224 | Lair:1   | Got a smoking broad axe {god gift}
 11225 | Lair:1   | Identified the +8 broad axe of Understanding {holy, rC+ Str+2} (Okawaru gifted it to you on level 1 of the Lair of Beasts)
 12468 | Lair:2   | Found a sacrificial altar of Ru.
 12541 | Lair:2   | Reached skill level 1 in Slings
 12634 | Lair:2   | Reached ****** piety under Okawaru
 12853 | Lair:2   | Noticed Nergalle
 12863 | Lair:2   | Killed Nergalle
 12863 | Lair:2   | Received a gift from Okawaru
 13239 | Lair:3   | Found a staircase to the Snake Pit.
 13241 | Lair:3   | Noticed a six-headed hydra
 13300 | Lair:3   | Killed a one-headed hydra
 13572 | Lair:3   | Got a pair of crude boots
 13583 | Lair:3   | Identified the +2 pair of boots of a Million Runes {MR- Str+3 Int+9} (You found it on level 3 of the Lair of Beasts)
 13789 | Lair:3   | Found a staircase to the Swamp.
 13866 | Lair:3   | Noticed Fannar
 13881 | Lair:3   | Killed Fannar
 13881 | Lair:3   | Reached XP level 13. HP: 106/111 MP: 6/15
 14563 | Lair:3   | Got a brightly glowing granite ring
 14565 | Lair:3   | Identified the ring "Cexenogh" {-Tele +Fly rElec rN+++ Stlth+} (You found it on level 3 of the Lair of Beasts)
 14887 | Lair:4   | Received a gift from Okawaru
 15943 | Lair:5   | Found a dark tunnel.
 15954 | Volcano  | Entered a volcano
 15976 | Volcano  | Reached skill level 10 in Fighting
 16640 | Volcano  | Received a gift from Okawaru
 16640 | Volcano  | Paralysed by an ogre mage for 3 turns
 16647 | Volcano  | Found a bloodstained altar of Trog.
 17484 | Lair:5   | Found a viscous altar of Jiyva.
 17484 | Lair:5   | Found a staircase to the Slime Pits.
 17634 | Lair:6   | Entered Level 6 of the Lair of Beasts
 17702 | Lair:6   | Reached skill level 5 in Invocations
 18024 | Lair:6   | Received a gift from Okawaru
 18026 | Lair:6   | Reached XP level 14. HP: 99/122 MP: 7/16
 18035 | Lair:6   | Reached skill level 5 in Slings
 18201 | Lair:6   | Reached skill level 10 in Axes
 18796 | Lair:6   | Received a gift from Okawaru
 20343 | D:11     | Reached skill level 15 in Shields
 20511 | D:11     | Noticed Snorg
 20521 | D:11     | Killed Snorg
 20521 | D:11     | Received a gift from Okawaru
 21255 | D:12     | Found Irebim's Magic Scroll Boutique.
 21263 | D:12     | Found Oxisti's Antique Armour Emporium.
 21271 | D:12     | Bought a scroll of identify for 30 gold pieces
 21271 | D:12     | Bought a scroll of identify for 30 gold pieces
 21271 | D:12     | Bought a scroll of silence for 112 gold pieces
 21335 | D:12     | Found Geuf's Food Shop.
 21349 | D:12     | Got an uncursed twisted war axe {flame}
 21354 | D:12     | Identified the +5 war axe "Mud Pie of Death" {flame, rPois MR++} (You took it off a centaur warrior on level 12 of the Dungeon)
 21542 | D:12     | Identified Advanced Steps in Secret Knowledge
 21542 | D:12     | Identified the Almanac of Fiery Summoning
 21544 | D:12     | Got a scorched hunting sling
 21545 | D:12     | Identified the +6 hunting sling of Xetzae {flame, -Tele MR- Dex+8 Stlth+} (You found it on level 12 of the Dungeon)
 21581 | D:12     | Found a staircase to the Orcish Mines.
 21695 | D:13     | Noticed ChungusAmongUs's ghost (journeyman MiBe)
 21701 | D:13     | Killed ChungusAmongUs's ghost
 21786 | D:13     | Reached skill level 15 in Fighting
 21795 | D:13     | Reached XP level 15. HP: 47/141 MP: 9/18
 22676 | D:14     | Received a gift from Okawaru
 22684 | D:14     | Got a pair of encrusted gloves {god gift}
 22695 | D:14     | Identified the +0 pair of gloves of Eternal Vigilance {rElec Int+4} (Okawaru gifted it to you on level 14 of the Dungeon)
 22729 | D:14     | Noticed Josephine
 22735 | D:14     | Killed Josephine
 22923 | D:14     | Found a gate to the Vaults.
 22966 | D:14     | Found Caet's Antique Weapon Shoppe.
 23084 | D:14     | Noticed ChungusAmongUs's ghost (journeyman MiBe)
 23096 | D:14     | Killed ChungusAmongUs's ghost
 23250 | D:15     | Entered Level 15 of the Dungeon
 24099 | D:15     | Found a staircase to the Depths.
 24372 | Orc:1    | Entered Level 1 of the Orcish Mines
 24553 | Orc:1    | Found a burning altar of Makhleb.
 24911 | Orc:2    | Entered Level 2 of the Orcish Mines
 24977 | Orc:2    | Received a gift from Okawaru
 24980 | Orc:2    | Got a shimmering cloak {god gift}
 24986 | Orc:2    | Identified the +2 cloak of Feasting {rN+} (Okawaru gifted it to you on level 2 of the Orcish Mines)
 25067 | Orc:2    | Found Xunahen's Weapon Emporium.
 25067 | Orc:2    | Found Cextyste's Food Shop.
 25103 | Orc:2    | Reached XP level 16. HP: 152/165 MP: 8/19
 25176 | Orc:2    | Found Kearheu's General Store.
 25186 | Orc:2    | Found Nooffad's Antique Armour Shoppe.
 25195 | Orc:2    | Bought a distressingly furry plate armour for 532 gold pieces
 25205 | Orc:2    | Identified the cursed +0 plate armour of the Leaf {Dex+5} (You bought it in a shop on level 2 of the Orcish Mines)
 25346 | Orc:2    | Found a staircase to the Elven Halls.
 25553 | Orc:2    | Bought a shimmering chain mail for 180 gold pieces
 25573 | Orc:2    | Bought a scroll of brand weapon for 240 gold pieces
 25573 | Orc:2    | Bought a potion of degeneration for 12 gold pieces
 25584 | Orc:2    | Identified the +7 chain mail of the Comet {rPois} (You bought it in a shop on level 2 of the Orcish Mines)
 25874 | Swamp:1  | Entered Level 1 of the Swamp
 26026 | Swamp:1  | Noticed a thorn hunter
 26034 | Swamp:1  | Killed a thorn hunter
 26870 | Swamp:2  | Received a gift from Okawaru
 26870 | Swamp:2  | Reached skill level 15 in Armour
 27387 | Swamp:3  | Received a gift from Okawaru
 28017 | Swamp:4  | Entered Level 4 of the Swamp
 28073 | Swamp:4  | Noticed Mara
 28075 | Swamp:4  | Noticed Llamajah's illusion
 28153 | Swamp:4  | Killed Mara
 28281 | Swamp:4  | Received a gift from Okawaru
 28284 | Swamp:4  | Got a steaming large shield {god gift}
 28528 | Swamp:3  | Identified the +0 large shield of the Mind {MR+} (Okawaru gifted it to you on level 4 of the Swamp)
 28839 | Swamp:4  | Reached XP level 17. HP: 146/173 MP: 11/20
 29099 | Swamp:4  | Got a decaying rune of Zot
 29659 | Snake:1  | Entered Level 1 of the Snake Pit
 30323 | Snake:1  | You fall through a shaft!
 30457 | Snake:2  | Received a gift from Okawaru
 30470 | Snake:2  | Received a gift from Okawaru
 30601 | Snake:2  | Reached skill level 15 in Dodging
 30940 | Snake:2  | Found Maicaogu's Antique Weapon Shop.
 31975 | Snake:4  | Entered Level 4 of the Snake Pit
 32145 | Snake:4  | Received a gift from Okawaru
 32645 | Snake:4  | Reached XP level 18. HP: 182/182 MP: 12/21
 32801 | Snake:4  | Received a gift from Okawaru
 33311 | Snake:4  | Received a gift from Okawaru
 33850 | Snake:4  | Found Qyur's Assorted Antiques.
 34159 | Snake:4  | Got a serpentine rune of Zot
 34567 | Elf:1    | Entered Level 1 of the Elven Halls
 34703 | Elf:1    | Received a gift from Okawaru
 34758 | Elf:1    | Noticed Agnes
 34767 | Elf:1    | Killed Agnes
 35084 | Elf:1    | Identified Sif Muna's Collected Works on Congealing Talismans
 36346 | Elf:2    | Got a steaming golden amulet
 36347 | Elf:2    | Identified the amulet "Iteog" {Spirit rN+ Dex-2 Stlth+} (You acquired it on level 2 of the Elven Halls)
 36411 | Elf:2    | Found Suitif's Antique Armour Shop.
 36432 | Elf:2    | Got a heavily runed pewter ring
 36433 | Elf:2    | Identified the ring "Edejiu Much" {rN+ Slay+2 Stlth-} (You found it on level 2 of the Elven Halls)
 36468 | Elf:2    | Found a runed gate.
 36468 | Elf:2    | Found a runed gate.
 36469 | Elf:2    | Found a runed gate.
 36872 | Elf:2    | Received a gift from Okawaru
 36875 | Elf:2    | Reached XP level 19. HP: 185/191 MP: 10/22
 37454 | Elf:3    | Entered Level 3 of the Elven Halls
 37492 | Elf:3    | Found Ijawyub's Antique Weapon Shoppe.
 37496 | Elf:3    | Found Hacwi Ojozu's Magic Scroll Shoppe.
 37515 | Elf:3    | Bought a scroll of enchant armour for 112 gold pieces
 37539 | Elf:3    | Found Irelasm's Antique Armour Boutique.
 37572 | Elf:3    | Found Ostruoch's Assorted Antiques.
 37574 | Elf:3    | Found Wida Laure's Jewellery Boutique.
 37576 | Elf:3    | Found Keink's Gadget Shop.
 37581 | Elf:3    | Bought a potion of heal wounds for 145 gold pieces
 37581 | Elf:3    | Bought a shiny large shield for 217 gold pieces
 37613 | Elf:3    | Found Duaresh's Magic Scroll Emporium.
 37618 | Elf:3    | Bought a scroll of enchant armour for 112 gold pieces
 38328 | Elf:3    | Got a crude amber ring
 38455 | Elf:3    | Noticed a Brimstone Fiend
 38707 | Elf:2    | Received a gift from Okawaru
 39087 | Elf:3    | Identified the Collected Works on Icy Confrontation
 39109 | Elf:3    | Identified the Collected Works on the Rocks
 39519 | Lair:1   | Identified the ring "Luqaxos" {rF+ rN+} (You took it off a deep elf demonologist on level 3 of the Elven Halls)
 39686 | Depths:1 | Entered Level 1 of the Depths
 40261 | Depths:1 | Reached skill level 10 in Slings
 40305 | Depths:1 | Received a gift from Okawaru
 40375 | Depths:1 | Found Guurghaj's Demolitions Depot.
 40606 | Depths:1 | Received a gift from Okawaru
 40659 | Depths:1 | Reached XP level 20. HP: 176/200 MP: 11/23
 40750 | Depths:1 | Found a gateway to Hell.
 41483 | Depths:2 | Found a one-way gate to the infinite horrors of the Abyss.
 41788 | Depths:2 | Received a gift from Okawaru
 41864 | Depths:2 | Received a gift from Okawaru
 41975 | Depths:2 | Received a gift from Okawaru
 42330 | Depths:2 | Noticed a caustic shrike
 42330 | Depths:2 | Noticed a caustic shrike
 42330 | Depths:2 | Noticed a caustic shrike
 42330 | Depths:2 | Noticed a caustic shrike
 42336 | Depths:2 | Killed a caustic shrike
 42336 | Depths:2 | Received a gift from Okawaru
 42983 | Depths:2 | Killed a caustic shrike
 43217 | Depths:2 | Killed a caustic shrike
 43848 | Depths:2 | Got a pair of fine gloves {god gift}
 43860 | Depths:2 | Identified the +1 pair of gloves "Kaophy Xofeh" {Dex+4} (Okawaru gifted it to you on level 2 of the Depths)
 43871 | Depths:2 | Reached XP level 21. HP: 194/209 MP: 15/24
 43931 | Depths:2 | Killed a caustic shrike
 43931 | Depths:2 | Received a gift from Okawaru
 44668 | Depths:3 | Noticed a juggernaut
 44810 | Depths:3 | Found a gateway to a ziggurat.
 44814 | Depths:3 | Found a portal to a secret trove of treasure.
 45183 | Depths:2 | Paralysed by a floating eye for 3 turns
 45603 | Depths:3 | Gained mutation: You are somewhat resistant to further mutation. [a neqoxec]
 45617 | Depths:3 | Found a one-way gate leading to the halls of Pandemonium.
 45737 | Depths:3 | Received a gift from Okawaru
 45765 | Depths:3 | Reached skill level 15 in Axes
 45912 | Depths:3 | Received a gift from Okawaru
 45947 | Depths:3 | Noticed a caustic shrike
 45955 | Depths:3 | a caustic shrike changed into an iron giant
 46557 | Depths:4 | Received a gift from Okawaru
 46579 | Depths:4 | Identified a +2 pair of boots of running (Okawaru gifted it to you on level 4 of the Depths)
 46915 | Depths:4 | Reached XP level 22. HP: 103/217 MP: 16/25
 47549 | Depths:5 | Entered Level 5 of the Depths
 48357 | Depths:5 | Received a gift from Okawaru
 49047 | Depths:5 | Received a gift from Okawaru
 49085 | Depths:5 | Noticed a golden dragon
 49095 | Depths:5 | Killed a golden dragon
 49206 | Depths:5 | Received a gift from Okawaru
 49233 | Depths:5 | Found a gate to the Realm of Zot.
 49247 | Depths:5 | Noticed a golden dragon
 49261 | Depths:5 | Killed a golden dragon
 50359 | Slime:1  | Entered Level 1 of the Pits of Slime
 50662 | Slime:4  | Received a gift from Okawaru
 50672 | Slime:5  | Entered Level 5 of the Pits of Slime
 50686 | Slime:5  | Reached XP level 23. HP: 212/227 MP: 17/26
 51005 | Slime:5  | Received a gift from Okawaru
 51284 | Slime:5  | Noticed the Royal Jelly
 51317 | Slime:5  | Killed the Royal Jelly
 51317 | Slime:5  | Received a gift from Okawaru
 51338 | Slime:5  | Got a steaming scarf {god gift}
 51348 | Slime:5  | Identified the scarf "Viklusmy" {rCorr Str+4} (Okawaru gifted it to you on level 5 of the Pits of Slime)
 51761 | Slime:5  | Got a slimy rune of Zot
 51763 | Slime:5  | Got a faintly glowing tin ring
 52248 | Slime:5  | Identified the ring of the Original Sin {rC+ Dex+2} (You found it on level 5 of the Pits of Slime)
 52341 | Slime:1  | Gained mutation: [Your magical capacity is low. (-10% MP)] [a shining eye]
 52737 | Depths:3 | You showed the slimy rune of Zot to enter a treasure trove
 52738 | Trove    | Entered a treasure trove
 52754 | Trove    | Got a warped jade amulet
 52756 | Trove    | Got a transparent broad axe
 52767 | Trove    | Got a faintly glowing amber ring
 52777 | Trove    | Identified the +7 broad axe "Gaipeguu" {holy, Int+3} (You found it in a treasure trove)
 52783 | Trove    | Got a faintly humming scale mail
 52795 | Trove    | Got a scorched ring mail
 53049 | Lair:1   | Identified the +6 scale mail "Filigh" {rCorr Int+3} (You found it in a treasure trove)
 53059 | Lair:1   | Identified the +1 ring mail "Osedoqak" {rC+ MR+ Str+3 Int+2} (You found it in a treasure trove)
 53072 | Lair:1   | Identified the ring of Peace {Fire +Inv MP+9 Stlth+} (You found it in a treasure trove)
 53074 | Lair:1   | Identified the amulet of Guhor {Gourm rF++ Str+3} (You found it in a treasure trove)
 53251 | Snake:4  | Bought a potion of heal wounds for 165 gold pieces
 53251 | Snake:4  | Bought jade-encrusted pearl dragon scales for 3415 gold pieces
 53251 | Snake:4  | Identified the cursed +1 pearl dragon scales of the Demon Prince {*Slow rN+ Regen+ Dex-3 Stlth+} (You bought it in a shop on level 4 of the Snake Pit)
 53536 | Vaults:1 | Entered Level 1 of the Vaults
 53610 | Vaults:1 | Found a magical portal.
 53615 | WizLab   | Entered Zonguldrok's Shrine
 53893 | WizLab   | Noticed an antique lich
 53900 | WizLab   | Killed an antique lich
 54137 | Vaults:1 | Received a gift from Okawaru
 54740 | Vaults:1 | Received a gift from Okawaru
 55317 | Vaults:2 | Received a gift from Okawaru
 55389 | Vaults:2 | Noticed Jory
 55416 | Vaults:2 | Killed Jory
 55609 | Vaults:2 | Got a crude great sword
 55610 | Vaults:2 | Identified the cursed +1 great sword "Zaez" {slice, MR+} (You found it on level 2 of the Vaults)
 55721 | Vaults:2 | Found Sox Ceej's Jewellery Shop.
 55856 | Vaults:2 | Reached XP level 24. HP: 229/236 MP: 14/23
 56380 | Vaults:3 | Found Kotsomod's Book Shop.
 57044 | Vaults:3 | Found a staircase to the Crypt.
 57670 | Vaults:2 | Bought the ring of Robustness {AC+8} for 1664 gold pieces
 57995 | Vaults:4 | Received a gift from Okawaru
 57998 | Vaults:4 | Got a heavily runed large shield {god gift}
 58009 | Vaults:4 | Identified the +5 large shield "Ekkocer" {MR++ Str+2 Dex+4} (Okawaru gifted it to you on level 4 of the Vaults)
 58991 | Crypt:1  | Entered Level 1 of the Crypt
 58991 | Crypt:1  | Noticed Donald
 59000 | Crypt:1  | Killed Donald
 60177 | Crypt:2  | Reached XP level 25. HP: 196/245 MP: 14/23
 60201 | Crypt:2  | Received a gift from Okawaru
 60220 | Crypt:2  | Got a polished hunting sling {god gift}
 60221 | Crypt:2  | Identified the +4 hunting sling "Iletat" {velocity, *Drain Int+8 Dex+4} (Okawaru gifted it to you on level 2 of the Crypt)
 60828 | Crypt:3  | Entered Level 3 of the Crypt
 60960 | Crypt:3  | Noticed Bai Suzhen
 60986 | Crypt:3  | Killed Bai Suzhen
 61728 | Crypt:3  | Received a gift from Okawaru
 61779 | Crypt:3  | Found a staircase to the Tomb.
 61803 | Crypt:3  | Noticed an ancient lich
 61816 | Crypt:3  | Killed an ancient lich
 61816 | Crypt:3  | Received a gift from Okawaru
 63580 | Vaults:5 | Entered Level 5 of the Vaults
 63782 | Vaults:4 | Received a gift from Okawaru
 64093 | Vaults:5 | Received a gift from Okawaru
 64246 | Vaults:5 | Received a gift from Okawaru
 64246 | Vaults:5 | Reached XP level 26. HP: 250/256 MP: 14/23
 64538 | Vaults:5 | Received a gift from Okawaru
 64542 | Vaults:5 | Got a distressingly furry plate armour {god gift}
 64543 | Vaults:5 | Identified the +1 plate armour of a labyrinth {rF+ Int+3} (Okawaru gifted it to you on level 5 of the Vaults)
 64556 | Vaults:5 | Noticed Mennas
 64595 | Vaults:5 | Killed Mennas
 64746 | Vaults:5 | Noticed an ancient lich
 64751 | Vaults:5 | Killed an ancient lich
 65001 | Vaults:5 | Identified the Tome of Unholy Air
 65027 | Vaults:5 | Got a heavily runed large shield
 65050 | Vaults:5 | Identified the cursed +0 large shield of Ufoet {-Tele rPois Dex+6 Stlth+} (You took it off a deep elf high priest on level 5 of the Vaults)
 65067 | Vaults:5 | Got a silver rune of Zot
 65664 | Hell     | Entered the Vestibule of Hell
 65664 | Hell     | Noticed Geryon
 65680 | Hell     | Killed Geryon
 65761 | Hell     | Found a gateway to the freezing wastes of Cocytus.
 65814 | Hell     | Found a gateway to the decaying netherworld of Tartarus.
 65973 | Hell     | Found a gateway to the ashen valley of Gehenna.
 66113 | Hell     | Found a gateway to the Iron City of Dis.
 66133 | Hell     | Received a gift from Okawaru
 66408 | Zot:1    | Entered Level 1 of the Realm of Zot
 66443 | Zot:1    | Got a steaming lead ring
 66444 | Zot:1    | Identified the ring of the Crushed Eyes {MR+ Str+4 Int+4 Dex+4} (You found it on level 1 of the Realm of Zot)
 66860 | Zot:1    | Reached XP level 27. HP: 266/266 MP: 14/23
 66997 | Zot:1    | Received a gift from Okawaru
 68462 | Zot:3    | Got a brightly glowing battleaxe
 68463 | Zot:3    | Identified the cursed +1 battleaxe of Dismemberment {chop, *Drain MR+ Int+3 SInv} (You found it on level 3 of the Realm of Zot)
 68544 | Zot:3    | Received a gift from Okawaru
 69135 | Zot:4    | Reached skill level 27 in Armour
 69152 | Zot:4    | Received a gift from Okawaru
 69919 | Zot:5    | Entered Level 5 of the Realm of Zot
 69939 | Zot:5    | Received a gift from Okawaru
 70137 | Zot:5    | Noticed an orb of fire
 70149 | Zot:5    | Noticed an orb of fire
 70177 | Zot:5    | Killed an orb of fire
 70180 | Zot:5    | Noticed an orb of fire
 70283 | Zot:5    | Noticed an ancient lich
 70302 | Zot:5    | Killed an ancient lich
 70422 | Zot:5    | Noticed an ancient lich
 70433 | Zot:5    | Killed an ancient lich
 70455 | Zot:5    | Killed an orb of fire
 70555 | Zot:5    | Noticed an ancient lich
 70568 | Zot:5    | Killed an ancient lich
 70600 | Zot:5    | Received a gift from Okawaru
 70913 | Zot:5    | Received a gift from Okawaru
 71022 | Zot:5    | Noticed an ancient lich
 71032 | Zot:5    | Killed an ancient lich
 71040 | Zot:5    | Noticed an ancient lich
 71052 | Zot:5    | Killed an ancient lich
 71052 | Zot:5    | Reached skill level 27 in Fighting
 71052 | Zot:5    | Reached skill level 27 in Dodging
 71179 | Zot:5    | Noticed an orb of fire
 71200 | Zot:5    | Noticed an orb of fire
 71201 | Zot:5    | Killed an orb of fire
 71201 | Zot:5    | Reached skill level 1 in Spellcasting
 71225 | Zot:5    | Killed an orb of fire
 71225 | Zot:5    | Received a gift from Okawaru
 71236 | Zot:5    | Killed an orb of fire
 71252 | Zot:5    | Received a gift from Okawaru
 71609 | Zot:5    | Noticed an orb of fire
 71633 | Zot:5    | Killed an orb of fire
 71794 | Zot:5    | Received a gift from Okawaru
 72785 | Tar:1    | Entered Level 1 of Tartarus
 72893 | Tar:3    | Reached skill level 5 in Spellcasting
 73178 | Tar:7    | Entered Level 7 of Tartarus
 73256 | Tar:7    | Received a gift from Okawaru
 73496 | Tar:7    | Noticed an ancient lich
 73504 | Tar:7    | Killed an ancient lich
 73538 | Tar:7    | Received a gift from Okawaru
 73674 | Tar:7    | Noticed an ancient lich
 73683 | Tar:7    | Killed an ancient lich
 73760 | Tar:7    | Received a gift from Okawaru
 73899 | Tar:7    | Noticed the Serpent of Hell
 73911 | Tar:7    | Killed the Serpent of Hell
 73960 | Tar:7    | Noticed Ereshkigal
 73972 | Tar:7    | Received a gift from Okawaru
 73990 | Tar:7    | Killed Ereshkigal
 73990 | Tar:7    | Reached skill level 27 in Shields
 74028 | Tar:7    | Got a bone rune of Zot
 74090 | Tar:7    | Received a gift from Okawaru
 74697 | Depths:5 | Voluntarily entered the Abyss.
 74803 | Abyss:1  | Received a gift from Okawaru
 74986 | Abyss:2  | Found a deep blue altar of Sif Muna.
 75880 | Abyss:3  | Got a pitted diamond amulet
 75881 | Abyss:3  | Identified the amulet "Bybeikuodgh" {Gourm Int-3 Dex+5} (You acquired it on level 3 of the Abyss)
 76083 | Abyss:3  | Found a corrupted altar of Lugonu.
 76145 | Abyss:3  | Received a gift from Okawaru
 76314 | Abyss:3  | Paralysed by accursed screaming for 1 turns
 76470 | Abyss:3  | Got a pair of smoking boots
 77136 | Abyss:3  | Reached skill level 10 in Spellcasting
 77254 | Abyss:3  | Paralysed by accursed screaming for 1 turns
 77263 | Abyss:3  | Paralysed by accursed screaming for 2 turns
 77342 | Abyss:3  | Killed from afar by a hellion

Skill      XL: |  1  2  3  4  5  6  7  8  9 10 11 12 13 14 15 16 17 18 19 20 21 22 23 24 25 26 27 |
---------------+----------------------------------------------------------------------------------+-----
Armour         | 4 5 6 8 9 10 11 13 14 15 16 17 18 19 20 21 22 23 24 25 27 | 27.0
Shields        | 4 5 6 7 9 10 12 13 14 15 16 17 18 19 20 21 22 23 24 25 27 | 27.0
Dodging        | 1 2 3 4 6 7 9 10 11 12 13 14 15 16 17 18 19 20 21 22 23 27 | 27.0
Fighting       | 4 5 6 7 8 9 10 15 20 21 22 23 24 25 27 | 27.0
Axes           | 3 4 5 6 7 8 9 10 11 12 13 14 15 16 17 18 22 | 22.9
Invocations    | 2 4 5 6 |  6.2
Slings         | 2 4 6 7 8 10 11 12 13 14 | 14.4
Spellcasting   | 10 | 10.1

Action                   |  1- 3 |  4- 6 |  7- 9 | 10-12 | 13-15 | 16-18 | 19-21 | 22-24 | 25-27 || total
-------------------------+-------+-------+-------+-------+-------+-------+-------+-------+-------++-------
Melee: War axe           |    73 |       |   382 |   347 |       |   970 |   319 |       |    12 ||  2103
       Headbutt          |    19 |    18 |    91 |   204 |   323 |   395 |   470 |   702 |  1181 ||  3403
       Hand axe          |     2 |   140 |    37 |    40 |    30 |       |       |       |       ||   249
       Broad axe         |       |       |       |   312 |   916 |   337 |   960 |  1776 |  3031 ||  7332
       Fustibalus        |       |       |       |       |       |       |     1 |       |       ||     1
 Fire: Fustibalus        |       |       |       |       |     5 |       |   194 |    56 |   388 ||   643
Invok: Heroism           |       |       |       |     1 |     5 |     5 |     6 |     3 |     4 ||    24
       Finesse           |       |       |       |       |       |       |       |     1 |     1 ||     2
Evoke: Wand              |       |       |       |     5 |    16 |       |       |       |       ||    21
  Use: Scroll            |     3 |     4 |     7 |    11 |     7 |    20 |     7 |    20 |    26 ||   105
       Potion            |     1 |     2 |     3 |     5 |     4 |     3 |     2 |     1 |    25 ||    46
 Stab: Confused          |       |       |       |       |     2 |     2 |       |       |       ||     4
       Distracted        |       |       |       |       |       |     1 |       |     1 |       ||     2
  Eat: Chunk             |       |     4 |     9 |    17 |    27 |    19 |    22 |    25 |    15 ||   138
       Fruit             |       |       |     5 |    12 |       |     6 |     3 |       |     8 ||    34
       Royal jelly       |       |       |     1 |       |     5 |     6 |       |     5 |     5 ||    22
       Bread ration      |       |       |       |       |       |     1 |     2 |     1 |     1 ||     5
       Meat ration       |       |       |       |       |       |       |       |       |     4 ||     4
Armor: Scale mail        |    25 |    42 |    84 |       |       |       |       |       |       ||   151
       Plate armour      |       |       |     6 |   229 |   307 |     9 |       |       |       ||   551
       Chain mail        |       |       |       |       |       |   304 |   277 |    91 |       ||   672
       Gold dragon scale |       |       |       |       |       |       |       |   180 |   391 ||   571
Dodge: Dodged            |    26 |    30 |   115 |   208 |   359 |   530 |   467 |   392 |   761 ||  2888
Block: Shield            |    15 |       |       |       |       |       |       |       |       ||    15
       Large shield      |    45 |    99 |   411 |   786 |  1143 |  1599 |  1485 |  1500 |  2737 ||  9805
       Reflection        |       |       |       |       |       |   145 |   111 |   111 |    76 ||   443
